 Dungeon Crawl Stone Soup version 0.21.1-1-g345015fe64 (webtiles) character file.

1288 Ethylacetat the Chopper (level 8, -7/64 HPs)
             Began as a Demonspawn Fighter on July 4, 2018.
             Was a Follower of Okawaru.
             Mangled by an orc warrior
             ... wielding a +0 dire flail
              (13 damage)
             ... on level 6 of the Dungeon.
             The game lasted 00:26:10 (6715 turns).

Ethylacetat the Chopper (Demonspawn Fighter)        Turns: 6715, Time: 00:26:11

Health: -7/64      AC: 15    Str: 25    XL:     8   Next: 30%
Magic:  8/8        EV:  6    Int:  9    God:    Okawaru [*.....]
Gold:   348        SH:  5    Dex: 12    Spells: 7/7 levels left

rFire    . . .     SeeInvis .   a - +0 war axe
rCold    . . .     Gourm    .   l - +0 buckler
rNeg     . . .     Faith    .   b - +0 scale mail
rPois    .         Spirit   .   (no helmet)
rElec    .         Reflect  .   B - +2 cloak
rCorr    .         Harm     .   (no gloves)
MR       .....                  (no boots)
Stlth    +.........             (no amulet)
HPRegen  0.20/turn              u - -3 ring of evasion (curse)
MPRegen  0.11/turn              (no ring)

@: mighty, sanguine armour
A: demonic guardian 1, nightstalker 1, sanguine armour 1
a: Heroism, Renounce Religion


You were on level 6 of the Dungeon.
You worshipped Okawaru.
Okawaru was aware of your devotion.
You were not hungry.

You visited 2 branches of the dungeon, and saw 7 of its levels.

You collected 348 gold pieces.

Inventory:

Hand Weapons
 a - a +0 war axe (weapon)
Missiles
 v - a throwing net (quivered)
Armour
 b - a +0 scale mail (worn)
 l - a +0 buckler (worn)
 B - a +2 cloak (worn)
Jewellery
 u - a cursed -3 ring of evasion (left hand)
Wands
 r - a wand of polymorph (15)
 t - a wand of flame (48)
 y - a wand of random effects (3)
Scrolls
 c - a scroll of amnesia {unknown}
 g - 4 scrolls of identify {unknown}
 i - a scroll of magic mapping {unknown}
 j - a scroll of blinking {unknown}
 k - 2 scrolls of fog {unknown}
 o - a scroll of enchant weapon {unknown}
 q - 4 scrolls of remove curse
 w - a scroll of enchant armour {unknown}
Potions
 d - a potion of might
 e - a potion of degeneration {unknown}
 h - a potion of berserk rage {unknown}
 m - a potion of resistance {unknown}
 n - 3 potions of mutation {unknown}
 p - a potion of heal wounds {unknown}
 x - a potion of haste {unknown}
 A - a potion of flight {unknown}
Comestibles
 f - 9 rations
 z - 2 chunks of flesh


   Skills:
 + Level 6.3 Fighting
 * Level 7.3 Axes
 - Level 2.7 Armour
 - Level 4.0 Shields


You had 7 spell levels left.
You didn't know any spells.

Dungeon Overview and Level Annotations

Branches:
Dungeon (6/15)             Temple (1/1) D:4

Altars:
Cheibriados
Makhleb
Okawaru
Ru
Sif Muna
Vehumet
The Shining One


Innate Abilities, Weirdness & Mutations

A weak demonic guardian rushes to your aid.
You are slightly more attuned to the shadows.
When seriously injured, your bleeding wounds create armour. (AC +6)


Message History

You slash the centaur!
The centaur hits you but does no damage.
Your shadow imp completely misses the orc warrior.
The centaur hits you but does no damage.
You block the orc warrior's attack.
Your shadow imp hits the orc warrior but does no damage.
You closely miss the orc warrior.
The orc warrior is lightly wounded.
You slash the centaur!
The centaur hits you but does no damage.
The orc warrior hits you with a dire flail!
* * * LOW HITPOINT WARNING * * *
Your shadow imp hits the orc warrior but does no damage.
The centaur hits you but does no damage.
You slash the orc warrior!
The orc warrior is heavily wounded.
You hit the centaur but do no damage.
The centaur hits you but does no damage.
The orc warrior hits you with a dire flail!
You die...

...# ##$..# ##
#.... .##
#...# ..#
##...# #.#
#.oc.# #.#
####5@..# #.#
####....(.5#
..#
#.........##
.##
#.......(.# ##
# #......(##
#. #.......#
#. #.
###.###.....##
#.###.
.....##...##.
#.....
#.#.#.#..#.. #
#..##.


You could see an orc warrior, a centaur, a friendly white imp and a friendly
shadow imp.

Vanquished Creatures
  Duvessa (D:4)
  2 sky beasts
  3 ogres
  A phantom (D:6)
  Dowan (D:4)
  3 scorpions
  A howler monkey (D:5)
  A centaur zombie (D:5)
  Crazy Yiuf (D:3)
  2 iguanas
  2 worker ants
  A worker ant zombie (D:5)
  6 adders
  A gnoll (D:3)
  An ooze (D:3)
  An adder skeleton (D:4)
  A worm (D:4)
  5 leopard geckos
  3 orcs
  4 giant cockroaches
  9 hobgoblins
  10 jackals
  A quokka (D:3)
  4 bats
  4 frilled lizards
  9 goblins
  5 kobolds
  A quokka zombie (D:6)
  2 rats
86 creatures vanquished.

Vanquished Creatures (collateral kills)
  The ghost of dingdong the Ruffian, an amateur TrFi (D:3)
  A howler monkey (D:4)
  A bullfrog zombie (D:5)
  2 orc wizards (D:5)
  A bullfrog skeleton (D:3)
  Natasha (thrice) (D:3)
  A worker ant (D:4)
  2 gnolls (D:3)
  An adder (D:4)
  An adder skeleton (D:4)
  A leopard gecko (D:4)
15 creatures vanquished.

Grand Total: 101 creatures vanquished

Notes
Turn   | Place    | Note
-------+----------+-------------------------------------------
     0 | D:1      | Ethylacetat the Demonspawn Fighter began the quest for the Orb.
     0 | D:1      | Reached XP level 1. HP: 18/18 MP: 1/1
   495 | D:1      | Reached skill level 2 in Axes
   547 | D:1      | Gained mutation: A weak demonic guardian rushes to your aid. [demonic ancestry]
   547 | D:1      | Reached XP level 2. HP: 21/24 MP: 2/2
  1493 | D:2      | Reached XP level 3. HP: 29/29 MP: 3/3
  2151 | D:3      | Noticed dingdong's ghost (amateur TrFi)
  2177 | D:3      | Killed dingdong's ghost
  2177 | D:3      | Reached skill level 3 in Axes
  2177 | D:3      | Reached XP level 4. HP: 5/37 MP: 4/4
  2704 | D:3      | Noticed Natasha
  2710 | D:3      | Killed Natasha
  2711 | D:3      | Gained mutation: When seriously injured, your bleeding wounds create armour. (AC +6) [demonic ancestry]
  2711 | D:3      | Reached XP level 5. HP: 31/42 MP: 5/5
  2977 | D:3      | Found a runed door.
  2981 | D:3      | Noticed Crazy Yiuf
  2988 | D:3      | Killed Crazy Yiuf
  3146 | D:3      | Noticed Natasha
  3153 | D:3      | Killed Natasha
  3153 | D:3      | Reached skill level 4 in Axes
  3159 | D:3      | Noticed Natasha
  3162 | D:3      | Killed Natasha
  3335 | D:4      | Gained mutation: You are slightly more attuned to the shadows. [demonic ancestry]
  3335 | D:4      | Reached XP level 6. HP: 47/48 MP: 6/6
  3389 | D:4      | Found a sacrificial altar of Ru.
  3832 | D:4      | Noticed Duvessa
  3832 | D:4      | Noticed Dowan
  4076 | D:4      | Killed Duvessa
  4076 | D:4      | Reached skill level 5 in Axes
  4083 | D:4      | Killed Dowan
  4083 | D:4      | Reached XP level 7. HP: 49/55 MP: 7/7
  4706 | D:4      | Found a staircase to the Ecumenical Temple.
  4714 | Temple   | Entered the Ecumenical Temple
  4723 | Temple   | Became a worshipper of Warmaster Okawaru
  4778 | D:5      | Entered Level 5 of the Dungeon
  4781 | D:5      | Reached skill level 5 in Fighting
  4860 | D:4      | Reached skill level 6 in Axes
  5209 | D:5      | Reached * piety under Okawaru
  5739 | D:5      | Reached XP level 8. HP: 57/64 MP: 8/8
  6256 | D:5      | Found a glowing golden altar of the Shining One.
  6456 | D:6      | Reached skill level 7 in Axes
  6609 | D:6      | Found a snail-covered altar of Cheibriados.
  6715 | D:6      | Mangled by an orc warrior

Skill      XL: |  1  2  3  4  5  6  7  8 |
---------------+-------------------------+-----
Axes           | 2 3 4 5 6 7 |  7.3
Shields        | 3 4 |  4.0
Fighting       | 4 5 6 |  6.3
Armour         | |  2.7

Action                   |  1- 3 |  4- 6 |  7- 9 || total
-------------------------+-------+-------+-------++-------
Melee: War axe           |   114 |   142 |   123 ||   379
       Dagger            |     3 |       |       ||     3
  Use: Scroll            |     1 |       |       ||     1
       Potion            |       |       |     1 ||     1
 Stab: Distracted        |       |     1 |       ||     1
  Eat: Chunk             |     4 |     6 |     5 ||    15
       Ration            |       |       |     1 ||     1
Armor: Scale mail        |    65 |    53 |    66 ||   184
Dodge: Dodged            |    58 |    61 |    33 ||   152
Block: Shield            |    18 |       |       ||    18
       Buckler           |    10 |    30 |    23 ||    63
